 Dungeon Crawl Stone Soup version 0.31.0-11-ge490571c62 (webtiles) character file.

Game seed: 7061003650368378486

786 qw the Shooter (level 7, 0/36 HPs)
             Began as a Spriggan Hunter on Feb 3, 2024.
             Slain by Pikel
             ... wielding a +0 whip of freezing
              (3 damage)
             ... on level 5 of the Dungeon.
             The game lasted 00:00:16 (4064 turns).

qw the Shooter (Spriggan Hunter)                    Turns: 4064, Time: 00:00:17

Health: 0/36       AC:  2    Str:  7    XL:     7   Next: 56%
Magic:  8/8        EV: 22    Int: 11    God:
Gold:   244        SH:  0    Dex: 20    Spells: 6/6 levels left

rFire   . . .        a - +0 shortbow
rCold   . . .        (shield currently unavailable)
rNeg    . . .        c - +0 robe
rPois   +            (helmet restricted)
rElec   .            (no cloak)
rCorr   .            (gloves unavailable)
SInv    +            (boots unavailable)
Will    +....        (no amulet)
Stlth   ++           o - ring of poison resistance
HPRegen 0.26/turn    (no ring)
MPRegen 0.11/turn

%: no passive effects
@: very quick
A: very small, no large weapons, unfitting armour, see invisible, speed 3
a: no special abilities


You were on level 5 of the Dungeon.
You visited 1 branch of the dungeon, and saw 5 of its levels.

You collected 244 gold pieces.


Innate Abilities, Weirdness & Mutations

You are very small and have problems with some larger weapons.
You are too small for most types of armour.
You have supernaturally acute eyesight. (SInv)
You cover ground extremely quickly. (Speed+++)


   Skills:
 - Level 3.3 Fighting
 + Level 7.1 Ranged Weapons
 - Level 7.0 Dodging
 - Level 1.5 Stealth


You had 6 spell levels left.
You didn't know any spells.
Your spell library was empty.

Inventory:

Hand Weapons
 a - a +0 shortbow (weapon)
Armour
 c - a +0 robe (worn)
 g - a +2 robe
Jewellery
 o - a ring of poison resistance (left hand)
Wands
 b - a wand of flame (16)
Scrolls
 d - a scroll of identify
 h - a scroll of enchant armour {unknown}
Potions
 e - 2 potions of enlightenment
 f - a potion of curing
 i - a potion of haste {unknown}
 j - 2 potions of might
 k - a potion of cancellation {unknown}
 l - a potion of attraction {unknown}
 n - a potion of lignification {unknown}

Dungeon Overview and Level Annotations

Branches:
Dungeon (5/15)
 Temple: D:4-7

Altars:
Yredelemnul

Annotations:
D:5 Pikel


Message History

Pikel completely misses you.
You shoot an arrow. The arrow hits Pikel.
Pikel is heavily wounded.
Pikel completely misses you.
You shoot an arrow.
The arrow hits Pikel but does no damage.
Pikel is heavily wounded.
Pikel hits you with a +0 whip of freezing.
Pikel freezes you.
You shoot an arrow. The arrow hits Pikel!
Pikel is severely wounded.
Pikel hits you with a +0 whip of freezing.
Pikel freezes you.
You shoot an arrow. The arrow barely misses Pikel.
The arrow hits the lemure!
The lemure is moderately wounded.
Pikel closely misses you.
You shoot an arrow. The arrow hits Pikel.
Pikel is severely wounded.
Pikel completely misses you.
You shoot an arrow. The arrow barely misses Pikel.
The arrow hits the lemure.
The lemure is moderately wounded.
Pikel completely misses you.
You shoot an arrow. The arrow closely misses Pikel.
The arrow completely misses the lemure.
Pikel hits you with a +0 whip of freezing.
Pikel freezes you.
You shoot an arrow.
The arrow hits Pikel but does no damage.
Pikel is severely wounded.
Pikel closely misses you.
You shoot an arrow. The arrow hits Pikel.
Pikel is severely wounded.
Pikel hits you with a +0 whip of freezing!
Pikel freezes you. Pikel completely misses you.
You shoot an arrow. The arrow barely misses Pikel.
The arrow hits the lemure.
The lemure is moderately wounded.
Pikel hits you with a +0 whip of freezing.
Pikel freezes you.
You die...
Pikel says, "Another soul for the market."

#.......#
.....##.######
#............#####
#.##.##.####......
# #.##.##.#
#####.#
#.#.......# #.#
#.#.##.#### #.#
#......# #.#
###@#### #.# #K#
##########.# #5#
#........... ...
#.....####.# ...
#..........# .....
#.....####.# .....
#.....####.#
#.....#
#####.##...# ..
#.##.#.#


You could see Pikel and a lemure.

Vanquished Creatures
  Menkaure (D:4)
  An ogre (D:5)
  2 lemures (D:5)
  Blork the orc (D:5)
  A bullfrog (D:5)
  A scorpion (D:5)
  2 wights (D:5)
  2 bombardier beetles (D:5)
  2 hounds
  An orc priest (D:3)
  An iguana (D:5)
  3 adders
  2 dart slugs (D:1)
  A ribbon worm (D:3)
  6 orcs
  3 ball pythons
  5 endoplasms
  6 hobgoblins
  11 jackals
  7 kobolds
  6 quokkas
  2 bats (D:1)
  2 frilled lizards (D:3)
  12 goblins
  3 rats
84 creatures vanquished.

Notes
Turn   | Place    | Note
-------+----------+-------------------------------------------
     0 | D:1      | qw the Spriggan Hunter began the quest for the Orb.
     0 | D:1      | Reached XP level 1. HP: 10/10 MP: 2/2
     0 | D:1      | 0 ||| qw: Version: 0.3-a-157-g843a77d
     0 | D:1      | 0 ||| qw: Game counter: 3660
     0 | D:1      | 0 ||| qw: Melee chars always use a shield: true
     0 | D:1      | 0 ||| qw: God list: Okawaru
     0 | D:1      | 0 ||| qw: Allow faded altars: false
     0 | D:1      | 0 ||| qw: Do Orc after clearing Dungeon:15 true
     0 | D:1      | 0 ||| qw: Do second Lair branch before Depths: true
     0 | D:1      | 0 ||| qw: Lair rune preference: random
     0 | D:1      | 0 ||| qw: Goals: Normal
     0 | D:1      | 0 ||| PLANNING D:1-11
    35 | D:1      | Reached skill level 3 in Dodging
   257 | D:1      | Reached XP level 2. HP: 14/14 MP: 3/3
   845 | D:1      | Reached XP level 3. HP: 18/18 MP: 4/4
   933 | D:1      | 933 ||| DROPPING scroll of butterflies.
   999 | D:1      | Found a basalt altar of Yredelemnul.
  1051 | D:2      | 1051 ||| STAIRDANCE
  1064 | D:2      | 1064 ||| STAIRDANCE
  1457 | D:2      | 1457 ||| READING 2 scrolls labelled GUMPEH FUNITTO.
  1458 | D:2      | 1458 ||| READING 2 scrolls labelled GON YDEZAFUW.
  1458 | D:2      | 1458 ||| IDENTIFYING red potion
  1459 | D:2      | 1459 ||| READING scroll of identify.
  1459 | D:2      | 1459 ||| IDENTIFYING glowing orange potion
  1460 | D:2      | 1460 ||| READING scroll labelled HASELO QEIXT.
  1465 | D:2      | 1465 ||| DRINKING 2 amethyst potions.
  1466 | D:2      | 1466 ||| DROPPING scroll of fog.
  1467 | D:2      | 1467 ||| DROPPING potion of invisibility.
  1557 | D:3      | Reached XP level 4. HP: 11/22 MP: 5/5
  1670 | D:3      | Identified the +0 pair of gloves "Qeacose" {Str+3}
  1926 | D:3      | Found a faded altar of an unknown god.
  2425 | D:3      | 2425 ||| READING scroll of identify.
  2425 | D:3      | 2425 ||| IDENTIFYING puce potion
  2426 | D:3      | 2426 ||| READING 3 scrolls labelled NEORIE IKLEY.
  2427 | D:3      | 2427 ||| READING scroll labelled DUILOC KUILE.
  2428 | D:3      | 2428 ||| READING scroll labelled XADIUC APNAU.
  2429 | D:3      | 2429 ||| DROPPING 2 scrolls of noise.
  2494 | D:4      | 2494 ||| FLEEEEING.
  2496 | D:4      | 2496 ||| FLEEEEING.
  2497 | D:4      | 2497 ||| FLEEEEING.
  2498 | D:4      | 2498 ||| FLEEEEING.
  2499 | D:4      | 2499 ||| FLEEEEING.
  2501 | D:4      | 2501 ||| FLEEEEING.
  2502 | D:4      | 2502 ||| FLEEEEING.
  2503 | D:4      | 2503 ||| FLEEEEING.
  2504 | D:4      | 2504 ||| STAIRDANCE
  2649 | D:4      | Reached XP level 5. HP: 26/26 MP: 6/6
  2673 | D:4      | Noticed Menkaure
  2674 | D:4      | 2674 ||| ZAPPING wand of flame (21) at -7,-4 (Menkaure;
                  | floor).
  2675 | D:4      | 2675 ||| ZAPPING wand of flame (20) at -6,-3 (Menkaure;
                  | floor).
  2676 | D:4      | 2676 ||| ZAPPING wand of flame (19) at -5,-3 (Menkaure;
                  | floor).
  2677 | D:4      | 2677 ||| ZAPPING wand of flame (18) at -4,-2 (Menkaure;
                  | floor).
  2678 | D:4      | 2678 ||| ZAPPING wand of flame (17) at -4,-2 (Menkaure;
                  | floor).
  2678 | D:4      | Killed Menkaure
  2679 | D:4      | Reached skill level 3 in Fighting
  2929 | D:4      | Reached XP level 6. HP: 23/32 MP: 7/7
  3108 | D:4      | 3108 ||| UPGRADING to ring of poison resistance.
  3109 | D:4      | 3109 ||| DROPPING +6 ring of intelligence.
  3110 | D:4      | 3110 ||| READING scroll of identify.
  3110 | D:4      | 3110 ||| IDENTIFYING bubbling grey potion
  3111 | D:4      | 3111 ||| READING scroll labelled TIK CEACVIAS.
  3112 | D:4      | 3112 ||| DRINKING 2 white potions.
  3113 | D:4      | 3113 ||| DROPPING potion of magic.
  3118 | D:5      | Entered Level 5 of the Dungeon
  3360 | D:5      | Reached skill level 6 in Ranged Weapons
  3360 | D:5      | HP: 3/31 [wight/+0 war axe (13)]
  3361 | D:5      | 3361 ||| READING scroll of teleportation.
  3362 | D:5      | 3362 ||| DRINKING potion of heal wounds.
  3484 | D:5      | Reached skill level 6 in Dodging
  3484 | D:5      | Reached XP level 7. HP: 36/36 MP: 8/8
  3698 | D:5      | Noticed Blork the orc
  3705 | D:5      | Killed Blork the orc
  3785 | D:5      | 3785 ||| RETREEEEATING.
  3789 | D:5      | 3789 ||| RETREEEEATING.
  3790 | D:5      | 3790 ||| FLEEEEING.
  3791 | D:5      | 3791 ||| FLEEEEING.
  3792 | D:5      | 3792 ||| FLEEEEING.
  3793 | D:5      | 3793 ||| FLEEEEING.
  3794 | D:5      | 3794 ||| FLEEEEING.
  3796 | D:5      | 3796 ||| FLEEEEING.
  3797 | D:5      | 3797 ||| FLEEEEING.
  3798 | D:5      | 3798 ||| FLEEEEING.
  3799 | D:5      | 3799 ||| FLEEEEING.
  3800 | D:5      | 3800 ||| FLEEEEING.
  3801 | D:5      | 3801 ||| FLEEEEING.
  3802 | D:5      | 3802 ||| FLEEEEING.
  3803 | D:5      | 3803 ||| FLEEEEING.
  3806 | D:5      | 3806 ||| FLEEEEING.
  4042 | D:5      | Noticed Pikel
  4063 | D:5      | HP: 8/36 [Pikel/+0 whip of freezing (4)]
  4064 | D:5      | HP: 3/36 [Pikel/+0 whip of freezing (5)]
  4064 | D:5      | Slain by Pikel

Levels and vault maps discovered:
D:1:      dpeg_arrival_lava_altar, layout_basic, nicolae_figureground_sparkle
D:2:      layout_rooms
D:3:      minmay_evil_eye, layout_loops_corners,
          hellmonk_ecumenical_altar_prayer_group, kennysheep_generic_room_10
D:4:      layout_cave_pools, nicolae_tricolors, uniq_menkaure
D:5:      nicolae_cairo_tiling_large, layout_loops_cross, uniq_blork_the_orc,
          uniq_pikel

Skill      XL: |  1  2  3  4  5  6  7 |
---------------+----------------------+-----
Dodging        | 3 4 5 6 7 |  7.0
Ranged Weapons | 5 6 7 |  7.1
Fighting       | 3 |  3.3
Stealth        | |  1.5

Action                     |  1- 3 |  4- 6 |  7- 9 || total
---------------------------+-------+-------+-------++-------
   Fire: Shortbow          |   101 |   133 |   101 ||   335
  Evoke: Wand              |       |     5 |       ||     5
    Use: Scroll            |     4 |     7 |       ||    11
         Potion            |     1 |     2 |       ||     3
 Armour: Robe              |    18 |    20 |    19 ||    57
  Dodge: Dodged            |    45 |    59 |    54 ||   158

Table legend:
 A = Non-vault XP
 B = Vault XP
 C = Vault XP percentage of total XP
 D = Non-vault monster count
 E = Vault monster count
 F = Vault count percentage of total count
                 A         B        C        D         E       F
            +---------+---------+-------+---------+---------+-------
      Total |     836 |     287 |  25.6 |      71 |      11 |  13.4
            +---------+---------+-------+---------+---------+-------
        D:1 |      47 |       0 |   0.0 |      24 |       0 |   0.0
        D:2 |      24 |       0 |   0.0 |       7 |       0 |   0.0
        D:3 |      79 |      19 |  19.4 |      20 |       9 |  31.0
        D:4 |      79 |     169 |  68.1 |       9 |       1 |  10.0
        D:5 |     607 |      99 |  14.0 |      11 |       1 |   8.3
            +---------+---------+-------+---------+---------+-------
